 Dungeon Crawl Stone Soup version 0.24-a0-269-g32ec7ca (webtiles) character file.

Game seed: 12115964070205890438

120140 gruber the Slinger (level 16, -3/82 HPs)
             Began as a Vine Stalker Fighter on Apr 22, 2019.
             Was the Champion of Makhleb.
             Slain by a tentacle (12 damage)
             ... attached to a kraken
             ... on level 4 of the Shoals.
             The game lasted 01:05:23 (27034 turns).

gruber the Slinger (Vine Stalker Fighter)          Turns: 27034, Time: 01:05:25

Health: -3/82      AC: 17    Str: 31    XL:     16   Next: 81%
Magic:  0/23       EV: 18    Int:  8    God:    Makhleb [******]
Gold:   1778       SH: 14    Dex: 18    Spells: 17/23 levels left

rFire    . . .     SeeInvis .   B - +11 hunting sling "Utaos" {venom, Str+4}
rCold    + . .     Gourm    .   K - +0 shield {reflect}
rNeg     . . .     Faith    .   c - +0 ring mail of Asytoxki {+Inv rC+ Slay+2} (curse)
rPois    .         Spirit   +   k - +0 helmet
rElec    .         Reflect  +   A - +0 cloak (curse)
rCorr    +         Harm     .   X - +2 pair of gloves {archery}
MR       ++...                  i - +2 pair of boots
Stlth    +++.......             M - amulet of regeneration
HPRegen  1.43/turn              n - +5 ring of strength
MPRegen  0.18/turn              o - ring of resist corrosion

@: no status effects
A: fangs 3, regeneration 2, magic shield, antimagic bite, no potion heal 3, rot
immunity
a: Minor Destruction, Lesser Servant of Makhleb, Major Destruction, Greater
Servant of Makhleb, Renounce Religion, Evoke Invisibility


You were on level 4 of the Shoals.
You worshipped Makhleb.
Makhleb was exalted by your worship.
You were not hungry.

You visited 5 branches of the dungeon, and saw 28 of its levels.
You also visited: Volcano.

You collected 2541 gold pieces.
You spent 763 gold pieces at shops.

Inventory:

Hand Weapons
 e - the +3 dagger of Garch {antimagic, rN+ Int+4 Dex-4 Stlth+}
   (You bought it in a shop on level 2 of the Orcish Mines)

   It reduces the magical energy of the wielder, and disrupts the spells and
   magical abilities of those hit.
   Natural abilities and divine invocations are not affected.
   It affects your intelligence (+4).
   It affects your dexterity (-4).
   It protects you from negative energy.
   It makes you more stealthy.
 r - the +2 spear of Rotation {pierce, rF- rC+ MR+++ Int+3}
   (You found it on level 4 of the Dungeon)

   It inflicts extra damage upon your enemies.
   It affects your intelligence (+3).
   It makes you vulnerable to fire.
   It protects you from cold.
   It affects your resistance to hostile enchantments.
 B - the +11 hunting sling "Utaos" (weapon) {venom, Str+4}
   (You found it on level 7 of the Dungeon)

   It poisons the ammo it fires.
   It affects your strength (+4).
 J - a +0 demon whip of flaming
Missiles
 m - 2 throwing nets
 C - 387 stones (quivered)
 D - 154 sling bullets
Armour
 c - the cursed +0 ring mail of Asytoxki (worn) {+Inv rC+ Slay+2}
   (You bought it in a shop on level 2 of the Orcish Mines)

   It affects your accuracy and damage with ranged weapons and melee attacks
   (+2).
   It protects you from cold.
   It lets you turn invisible.
   It has a curse placed upon it.
 i - a +2 pair of boots (worn)
 k - a +0 helmet (worn)
 A - a cursed +0 cloak (worn)
 H - a +2 crystal plate armour
 K - a +0 shield of reflection (worn)
 X - a +2 pair of gloves of archery (worn)
Jewellery
 g - an uncursed amulet of magic regeneration {unknown}
 n - a +5 ring of strength (left hand)
 o - a ring of resist corrosion (right hand)
 M - an amulet of regeneration (around neck)
Wands
 b - a wand of acid (25)
 F - a wand of clouds (9)
 N - a wand of paralysis (28)
 Q - a wand of digging (5)
 T - a wand of iceblast (18)
 Z - a wand of disintegration (14)
Scrolls
 j - 9 scrolls of remove curse
 l - a scroll of brand weapon {unknown}
 p - 4 scrolls of enchant armour
 q - 2 scrolls of noise {unknown}
 s - 2 scrolls of blinking {unknown}
 t - 4 scrolls of immolation {unknown}
 u - 6 scrolls of fear {unknown}
 v - 3 scrolls of enchant weapon
 x - 7 scrolls of amnesia {unknown}
 y - a scroll of vulnerability {unknown}
 G - 9 scrolls of teleportation
 I - 2 scrolls of summoning
 O - a scroll of magic mapping {unknown}
 V - 4 scrolls of fog {unknown}
Potions
 a - 4 potions of brilliance
 d - 4 potions of haste
 h - 7 potions of curing
 w - a potion of flight
 z - 2 potions of agility
 E - 7 potions of resistance
 L - a potion of cancellation
 P - 2 potions of invisibility
 R - 2 potions of magic
 S - a potion of berserk rage
 U - 2 potions of might
 W - 4 potions of ambrosia
 Y - 3 potions of mutation
Comestibles
 f - 31 rations


   Skills:
 * Level 8.4 Fighting
   Level 5.1 Long Blades
 - Level 5.0 Polearms
 - Level 14.0 Slings
 - Level 10.3 Armour
 - Level 10.0 Dodging
 - Level 7.1 Stealth
 - Level 11.0 Shields
 - Level 4.0 Spellcasting
 - Level 9.0 Invocations


You had 17 spell levels left.
You knew the following spells:

 Your Spells              Type           Power        Failure   Level  Hunger
a - Call Canine Familiar  Summ           #.......     88%         3    ###....
b - Summon Butterflies    Summ           #.......     54%         1    #......
c - Swiftness             Chrm/Air       #.......     67%         2    ###....

Your spell library contained the following spells:

 Spells                   Type           Power        Failure   Level  Hunger
 Apportation              Tloc           #.....       54%         1    #......
 Corona                   Hex            #......      54%         1    #......
 Summon Small Mammal      Summ           #...         54%         1    #......
 Call Imp                 Summ           #.......     67%         2    ###....
 Ensorcelled Hibernation  Hex/Ice        #.....       67%         2    ###....
 Passwall                 Tmut/Erth      #.......     67%         2    ###....
 Slow                     Hex            #.......     67%         2    ###....
 Confuse                  Hex            #.......     88%         3    ###....
 Dazzling Spray           Conj/Hex       #.....       88%         3    ###....
 Gell's Gravitas          Tloc           #.........   88%         3    ###....
 Inner Flame              Hex/Fire       #.......     88%         3    ###....
 Lesser Beckoning         Tloc           #.........   88%         3    ###....
 Portal Projectile        Hex/Tloc       #.....       88%         3    ###....
 Static Discharge         Conj/Air       #.......     88%         3    ###....
 Summon Guardian Golem    Hex/Summ       #.......     88%         3    ###....
 Tukima's Dance           Hex            #.......     88%         3    ###....
 Cause Fear               Hex            #.........   99%         4    #####..
 Force Lance              Conj/Tloc      #.......     99%         4    #####..
 Leda's Liquefaction      Hex/Erth       #.........   99%         4    #####..
 Passage of Golubria      Tloc           N/A          99%         4    #####..
 Summon Ice Beast         Ice/Summ       #.......     99%         4    #####..
 Summon Lightning Spire   Summ/Air       #.......     99%         4    #####..
 Alistair's Intoxication  Tmut/Pois      #.......     100%        5    ######.
 Bolt of Magma            Conj/Fire/Erth #.........   100%        5    ######.
 Iskenderun's Battlesphe  Conj/Chrm      #.......     100%        5    ######.
 Lee's Rapid Deconstruct  Erth           #.........   100%        5    ######.
 Lightning Bolt           Conj/Air       #.........   100%        5    ######.
 Venom Bolt               Conj/Pois      #.........   100%        5    ######.
 Darkness                 Hex            #.........   100%        6    #######
 Dispersal                Tloc           #.........   100%        6    #######
 Invisibility             Hex            #.......     100%        6    #######
 Iron Shot                Conj/Erth      #.........   100%        6    #######
 Orb of Destruction       Conj           #.........   100%        7    #######
 Spellforged Servitor     Conj/Summ      #.........   100%        7    #######
 Controlled Blink         Tloc           N/A          100%        8    #######
 Disjunction              Tloc           #.........   100%        8    #######
 Ignition                 Fire           #.........   100%        8    #######
 Shatter                  Erth           #.........   100%        9    #######
 Tornado                  Air            #.........   100%        9    #######


Dungeon Overview and Level Annotations

Branches:
Dungeon (15/15)            Temple (0/1) D:7            Lair (6/6) D:10
 Shoals (4/4) Lair:3       Spider (0/4) Lair:4        Slime (0/5) Lair:6
    Orc (2/2) D:10            Elf (0/3) Orc:2        Vaults (0/5) D:14
 Depths (1/5) D:15

Altars:
Ashenzari
Fedhas
Gozag
Hepliaklqana
Makhleb
Nemelex Xobeh
Okawaru
Trog
Yredelemnul
Zin
The Shining One
Beogh
Jiyva

Shops:
D:12 :   Orc:2 ![(?

Annotations:
D:3 2 runed translucent doors, Ratty's ghost, amateur DENe
Shoals:1 1 runed translucent door, Feid's ghost, adept MiBe
Shoals:3 3 runed translucent doors, Kuggoj's ghost, adept GrEE


Innate Abilities, Weirdness & Mutations

You have razor-sharp teeth.
You heal very quickly.
When hurt, damage is shared between your health and your magic reserves.
Your bite disrupts and absorbs the magic of your enemies.
Potions cannot restore your health.
You are immune to rotting.


Message History

Aim: a tentacle You shoot a stone.
The stone closely misses the tentacle.
You hear a splash.
You block the tentacle's attack. x3; A tentacle rises from the water!
A tentacle comes into view.
Firing (i - inventory. (/) - cycle)
C - 388 stones (quivered)
Press: ? - help, Shift-Dir - straight line, f/p - tentacle
Aim: a tentacle You shoot a stone.
The stone hits the tentacle!
The tentacle is lightly wounded.
The tentacle closely misses you. You block the tentacle's attack.
The tentacle slaps you!!
You are too injured to fight recklessly!
A tentacle segment bursts forth from the water. x3
The tentacle slaps you!!
* * * LOW HITPOINT WARNING * * *
The tentacle slaps you!
* * * LOW HITPOINT WARNING * * *
The tentacle slaps you!
You die...

.≈≈≈≈≈≈≈.≈≈..≈.....≈≈≈≈≈≈≈≈
≈≈≈≈≈≈≈.............≈≈≈≈≈≈≈
≈≈≈≈≈≈#..≈..........≈≈≈≈≈≈≈
≈≈≈#######............≈≈≈≈≈
≈≈# ..##........#.≈≈≈≈≈ ≈#
.. #.......^##..≈≈≈
###........# #.≈≈≈
#≈........# .≈≈≈
#≈....@w..#..≈≈≈≈
##...www│.((≈( ≈≈
#...│/││.≈≈≈≈
#.....<***≈≈≈≈≈
#≈....≈≈≈≈≈≈≈≈≈≈
≈≈....≈≈≈≈≈≈≈≈≈≈≈
≈≈≈≈≈≈≈≈≈≈≈≈≈X≈≈≈
≈≈≈≈≈≈≈≈≈≈≈≈≈≈≈≈≈
≈≈≈≈≈≈≈≈≈≈≈≈≈≈≈≈


You could see a kraken and 4 tentacles.

Vanquished Creatures
  Rupert (Lair:4)
  An orc warlord (Orc:2)
  A red draconian (Volcano)
  Snorg (Lair:4)
  A merfolk impaler (Shoals:1)
  8 hydras
  2 rakshasas (D:15)
  A catoblepas (Lair:4)
  2 merfolk avatars
  Erica (D:8)
  11 two-headed ogres
  5 merfolk aquamancers
  2 dancing weapons (D:14)
  An ogre mage (Orc:1)
  A satyr (Shoals:3)
  2 centaur warriors (D:15)
  4 orc high priests (Orc:2)
  Sonja (Lair:1)
  Nergalle (D:10)
  A salamander mystic (Volcano)
  A skeletal warrior (D:12)
  4 unseen horrors
  5 sea snakes
  A harpy (shapeshifter) (D:13)
  A phantasmal warrior (D:12)
  9 harpies
  2 deep elf magi
  4 ugly things
  2 orc knights (Orc:2)
  8 fauns
  2 orc sorcerers (Orc:2)
  3 manticores
  2 cyclopes
  4 salamanders (Volcano)
  7 elephants
  6 merfolk sirens
  4 black mambas
  Joseph (D:9)
  2 spiny frogs (Lair:4)
  6 water nymphs
  A molten gargoyle (Volcano)
  3 gargoyles
  7 centaur skeletons
  An efreet (D:14)
  5 komodo dragons
  2 ice devils (Lair:5)
  A jumping spider (Lair:4)
  A queen bee (D:12)
  7 trolls
  7 polar bears (Lair:6)
  A wind drake (Shoals:2)
  5 hornets
  5 blink frogs
  17 merfolk
  8 hippogriffs
  12 slime creatures
  A dream sheep (Lair:6)
  6 snapping turtles
  A vampire (D:14)
  A spriggan (shapeshifter) (D:15)
  4 wraiths
  15 spriggans (Lair:6)
  A wyvern (D:9)
  16 water elementals
  21 yaks
  5 fire elementals (D:12)
  7 basilisks
  A fire bat (Volcano)
  A hog (shapeshifter) (D:15)
  Menkaure (D:5)
  2 hungry ghosts
  5 vampire mosquitoes
  A soldier ant (D:15)
  A warg (Orc:2)
  19 water moccasins
  10 porcupines
  A hornet zombie (D:12)
  An eye of draining (shapeshifter) (D:15)
  2 ice beasts (D:14)
  35 orc warriors
  3 sky beasts
  14 ogres
  2 eyes of draining
  5 phantoms
  4 black bears
  15 centaurs
  A necrophage (D:9)
  29 wolves
  8 boggarts
  9 crocodiles
  2 big kobolds
  22 bullfrogs
  A wyvern skeleton (D:14)
  2 scorpions
  16 killer bees
  16 wights
  An electric eel (Lair:5)
  A howler monkey (D:10)
  7 crimson imps
  2 jellies
  2 bullfrog zombies
  4 lava snakes (Volcano)
  8 hounds
  3 bullfrog skeletons
  30 orc priests
  28 orc wizards
  5 iguanas
  9 worker ants
  A killer bee zombie (D:8)
  2 hound zombies
  A hound skeleton (D:6)
  A howler monkey zombie (D:10)
  3 worker ant zombies
  5 gnolls
  A howler monkey skeleton (D:10)
  14 adders
  2 shadow imps
  2 oozes
  An adder skeleton (D:4)
  A worm (D:4)
  6 leopard geckos
  148 orcs
  2 ball pythons
  4 giant cockroaches
  7 hobgoblins
  10 jackals
  5 quokkas
  12 bats
  3 frilled lizards
  11 goblins
  2 jackal zombies
  10 kobolds
  A leopard gecko skeleton (D:8)
  A quokka skeleton (D:6)
  8 rats
  A tentacle (Shoals:4)
877 creatures vanquished.

Vanquished Creatures (collateral kills)
  Frances (D:14)
  Donald (Orc:2)
  Azrael (D:12)
  A hydra (Lair:2)
  A death knight (D:12)
  A sea snake (Shoals:2)
  2 orc sorcerers (Orc:2)
  Psyche (D:8)
  2 water elementals (Shoals:2)
  A yak (Lair:2)
  A fire elemental (D:12)
  2 wargs (Orc:2)
  A porcupine (Lair:4)
  An orc warrior (D:9)
  3 wolves
  A bullfrog (Lair:4)
  2 killer bees (D:12)
  A howler monkey (D:10)
  An orc priest (Orc:2)
  An orc wizard (Orc:2)
  3 orcs
29 creatures vanquished.

Vanquished Creatures (others)
  2 merfolk javelineers
  A satyr (Shoals:2)
  A wizard (D:14)
  A faun (Shoals:2)
  An orc (Orc:2)
  10 fungi
  15 plants
  2 withered plants (Shoals:1)
33 creatures vanquished.

Grand Total: 939 creatures vanquished

Notes
Turn   | Place    | Note
-------+----------+-------------------------------------------
     0 | D:1      | gruber the Vine Stalker Fighter began the quest for the
                  | Orb.
     0 | D:1      | Reached XP level 1. HP: 11/11 MP: 2/2
    62 | D:1      | Reached XP level 2. HP: 10/16 MP: 3/3
   303 | D:1      | Reached XP level 3. HP: 19/19 MP: 4/4
  1034 | D:2      | Gained mutation: Your natural rate of healing is unusually
                  | fast. [Vine Stalker growth]
  1034 | D:2      | Reached XP level 4. HP: 23/23 MP: 5/5
  1201 | D:2      | Reached XP level 5. HP: 27/27 MP: 6/6
  1523 | D:3      | Found a runed translucent door.
  1529 | D:3      | Noticed Ratty's ghost (amateur DENe)
  1578 | D:3      | Noticed a centaur
  1580 | D:3      | Noticed an orc warrior
  1594 | D:3      | Killed an orc warrior
  1594 | D:3      | Reached XP level 6. HP: 28/32 MP: 7/7
  1897 | D:3      | Found a runed translucent door.
  2100 | D:4      | Reached skill level 5 in Shields
  2140 | D:4      | Reached skill level 5 in Long Blades
  2140 | D:4      | Reached XP level 7. HP: 35/35 MP: 8/8
  2317 | D:4      | Got a twisted spear
  2318 | D:4      | Identified the +2 spear of Rotation {pierce, rF- rC+ MR+++
                  | Int+3} (You found it on level 4 of the Dungeon)
  2440 | D:4      | Found a burning altar of Makhleb.
  2456 | D:4      | Became a worshipper of Makhleb the Destroyer
  2503 | D:5      | Entered Level 5 of the Dungeon
  2554 | D:5      | Noticed Menkaure
  2665 | D:5      | Reached skill level 1 in Polearms
  2820 | D:5      | Killed Menkaure
  2936 | D:5      | Gained mutation: You have razor-sharp teeth. [Vine Stalker
                  | growth]
  2936 | D:5      | Reached XP level 8. HP: 39/39 MP: 9/9
  3042 | D:5      | Reached * piety under Makhleb
  3210 | D:5      | Found a sparkling altar of Nemelex Xobeh.
  3463 | D:5      | Reached skill level 5 in Polearms
  3465 | D:5      | Found an iron altar of Okawaru.
  3682 | D:6      | Reached skill level 5 in Armour
  3699 | D:6      | Found a blossoming altar of Fedhas.
  3835 | D:6      | Found a glowing golden altar of the Shining One.
  3885 | D:6      | Reached ** piety under Makhleb
  3897 | D:6      | Reached XP level 9. HP: 43/43 MP: 10/10
  4142 | D:7      | Got a jewelled hunting sling
  4143 | D:7      | Identified the +11 hunting sling "Utaos" {venom, Str+4}
                  | (You found it on level 7 of the Dungeon)
  5075 | D:7      | Found a staircase to the Ecumenical Temple.
  5305 | D:7      | Learned a level 3 spell: Call Canine Familiar
  5489 | D:7      | Reached skill level 1 in Invocations
  5556 | D:7      | Found a bloodstained altar of Trog.
  5885 | D:8      | Noticed Psyche
  6077 | D:6      | Reached skill level 5 in Invocations
  6145 | D:7      | Reached XP level 10. HP: 47/47 MP: 15/15
  6153 | D:7      | Reached *** piety under Makhleb
  6582 | D:8      | Found a hazy altar of Hepliaklqana.
  6592 | D:8      | Found a blossoming altar of Fedhas.
  6595 | D:8      | Found a basalt altar of Yredelemnul.
  6613 | D:8      | Noticed Erica
  6639 | D:8      | Killed Erica
  6800 | D:8      | Killed Psyche
  7119 | D:9      | Reached skill level 1 in Slings
  7273 | D:9      | Reached skill level 2 in Slings
  7306 | D:9      | Learned a level 1 spell: Summon Butterflies
  7321 | D:9      | Noticed Joseph
  7347 | D:9      | Killed Joseph
  7358 | D:9      | Reached skill level 3 in Slings
  7828 | D:9      | Reached skill level 4 in Slings
  7865 | D:10     | Entered Level 10 of the Dungeon
  7912 | D:10     | Reached **** piety under Makhleb
  7926 | D:10     | Noticed a two-headed ogre
  7943 | D:10     | Killed a two-headed ogre
  7943 | D:10     | Reached skill level 5 in Slings
  7943 | D:10     | Reached XP level 11. HP: 23/51 MP: 13/18
  8007 | D:10     | Reached skill level 6 in Slings
  8192 | D:10     | Killed an unseen horror
  8192 | D:10     | Reached skill level 7 in Slings
  8426 | D:10     | Found a staircase to the Lair.
  8493 | D:10     | Found a staircase to the Orcish Mines.
  8503 | D:10     | Reached skill level 8 in Slings
  8680 | D:10     | Noticed Nergalle
  8845 | D:10     | Noticed a two-headed ogre
  8866 | D:10     | Killed a two-headed ogre
  8880 | D:10     | Killed Nergalle
  8880 | D:10     | Reached skill level 9 in Slings
  9005 | D:11     | Noticed a cyclops
  9007 | D:11     | Noticed a green ugly thing
  9010 | D:11     | Killed a cyclops
  9022 | D:11     | Killed a green ugly thing
  9534 | D:11     | Reached skill level 10 in Slings
  9828 | D:11     | Reached ***** piety under Makhleb
  9832 | D:11     | Gained mutation: You heal very quickly. [Vine Stalker
                  | growth]
  9832 | D:11     | Reached XP level 12. HP: 52/56 MP: 13/19
 10285 | D:12     | Noticed a death knight
 10562 | D:12     | Reached skill level 11 in Slings
 10714 | D:12     | Found Malemodo's Book Shop.
 10765 | D:12     | Killed a death knight
 10769 | D:12     | Noticed Azrael
 10793 | D:12     | Killed Azrael
 10793 | D:12     | Reached skill level 12 in Slings
 11968 | D:13     | Reached skill level 13 in Slings
 12065 | D:13     | Reached XP level 13. HP: 51/59 MP: 20/20
 12714 | D:14     | Reached skill level 14 in Slings
 13053 | D:14     | Found a gate to the Vaults.
 13066 | D:14     | Reached skill level 5 in Fighting
 13255 | D:14     | Noticed Frances
 13264 | D:14     | Killed Frances
 13384 | D:15     | Entered Level 15 of the Dungeon
 13817 | D:15     | Found an opulent altar of Gozag.
 13937 | D:15     | Found a glowing silver altar of Zin.
 14087 | D:15     | Reached skill level 1 in Dodging
 14102 | D:15     | Noticed a rakshasa
 14280 | D:15     | Killed a rakshasa
 14350 | D:15     | Noticed a rakshasa
 14368 | D:15     | Killed a rakshasa
 14466 | D:15     | Found a staircase to the Depths.
 14672 | Lair:1   | Entered Level 1 of the Lair of Beasts
 14695 | Lair:1   | Noticed Sonja
 14701 | Lair:1   | Killed Sonja
 14701 | Lair:1   | Reached XP level 14. HP: 66/73 MP: 18/21
 15149 | Lair:1   | Reached skill level 5 in Dodging
 15736 | Lair:2   | Found the cursed +14 obsidian axe {chop, +Fly SInv *Curse}
 15891 | Lair:2   | You fall through a shaft for 2 floors!
 15897 | Lair:4   | Found a hole to the Spider Nest.
 16052 | Lair:4   | Noticed Rupert
 16072 | Lair:4   | Killed Rupert
 16431 | Lair:4   | Noticed Snorg
 16441 | Lair:4   | Killed Snorg
 16833 | Lair:4   | Got a transparent leather armour
 17018 | Lair:3   | Found a staircase to the Shoals.
 18251 | Lair:5   | Reached ****** piety under Makhleb
 18544 | Lair:5   | Found a dark tunnel.
 18553 | Volcano  | Entered a volcano
 18901 | Volcano  | Found a bloodstained altar of Trog.
 18925 | Volcano  | Reached skill level 10 in Armour
 18951 | Volcano  | Noticed a red draconian
 18963 | Volcano  | Killed a red draconian
 19060 | Volcano  | Identified the +1 leather armour "Nabues" {Str+2} (You
                  | found it on level 4 of the Lair of Beasts)
 19287 | Lair:5   | Reached XP level 15. HP: 77/77 MP: 22/22
 20043 | Lair:6   | Entered Level 6 of the Lair of Beasts
 20425 | Lair:6   | Learned a level 2 spell: Swiftness
 20532 | Lair:6   | Found a staircase to the Slime Pits.
 20533 | Lair:6   | Found a viscous altar of Jiyva.
 21647 | Orc:1    | Entered Level 1 of the Orcish Mines
 22189 | Orc:2    | Entered Level 2 of the Orcish Mines
 22203 | Orc:2    | Reached skill level 10 in Shields
 22460 | Orc:2    | Found a roughly hewn altar of Beogh.
 22523 | Orc:2    | Noticed Donald
 22534 | Orc:2    | Killed Donald
 22630 | Orc:2    | Found a roughly hewn altar of Beogh.
 22688 | Orc:2    | Found a staircase to the Elven Halls.
 22954 | Orc:2    | Found a roughly hewn altar of Beogh.
 23074 | Orc:2    | Found a roughly hewn altar of Beogh.
 23093 | Orc:2    | Found Weder's Magic Scroll Shop.
 23103 | Orc:2    | Bought a scroll of enchant weapon for 105 gold pieces
 23103 | Orc:2    | Bought a scroll of identify for 28 gold pieces
 23103 | Orc:2    | Bought 3 scrolls of identify for 84 gold pieces
 23103 | Orc:2    | Bought a scroll of summoning for 133 gold pieces
 23216 | Orc:2    | Found a roughly hewn altar of Beogh.
 23270 | Orc:2    | Found a roughly hewn altar of Beogh.
 23325 | Orc:2    | Noticed an orc warlord
 23347 | Orc:2    | Reached skill level 1 in Spellcasting
 23610 | Orc:2    | Found Jaloefie's Antique Weapon Emporium.
 23640 | Orc:2    | Found Lowerche's Antique Armour Shoppe.
 23641 | Orc:2    | Found a roughly hewn altar of Beogh.
 23659 | Orc:2    | Bought a polished ring mail for 252 gold pieces
 23669 | Orc:2    | Identified the cursed +0 ring mail of Asytoxki {+Inv rC+
                  | Slay+2} (You bought it in a shop on level 2 of the Orcish
                  | Mines)
 23677 | Orc:2    | Bought a slimy dagger for 161 gold pieces
 23729 | Orc:2    | Killed an orc warlord
 23773 | Orc:2    | Found a roughly hewn altar of Beogh.
 23791 | Orc:2    | Found Poseagg's Distillery.
 23996 | Depths:1 | Entered Level 1 of the Depths
 24225 | Shoals:1 | Entered Level 1 of the Shoals
 24248 | Shoals:1 | Reached XP level 16. HP: 81/81 MP: 20/23
 24325 | Shoals:1 | Reached skill level 1 in Stealth
 24499 | Shoals:1 | Reached skill level 5 in Stealth
 24616 | Shoals:1 | Found a runed translucent door.
 24617 | Shoals:1 | Noticed Feid's ghost (adept MiBe)
 25274 | Shoals:2 | Identified 2 scrolls of acquirement
 25334 | Shoals:2 | You fall through a shaft!
 26146 | Shoals:3 | Found a shattered altar of Ashenzari.
 26677 | Shoals:3 | Identified the +3 dagger of Garch {antimagic, rN+ Int+4
                  | Dex-4 Stlth+} (You bought it in a shop on level 2 of the
                  | Orcish Mines)
 26689 | Shoals:3 | Found a runed translucent gate.
 26689 | Shoals:3 | Found a runed translucent gate.
 26689 | Shoals:3 | Found a runed translucent gate.
 26832 | Shoals:3 | Noticed Kuggoj's ghost (adept GrEE)
 26887 | Shoals:4 | Entered Level 4 of the Shoals
 26898 | Shoals:4 | Reached skill level 10 in Dodging
 27022 | Shoals:4 | Noticed a kraken
 27034 | Shoals:4 | Slain by a tentacle

Levels and vault maps discovered:
D:1:      wander_arrival_lonely_grave, layout_loops_ring
D:2:      layout_loops_ring, first_ration
D:3:      cheibrodos_helix_gallery, layout_rooms, ebering_ghost_sewer_f
D:4:      layout_rooms, makhleb_blood_cavern_becter
D:5:      layout_loops_corners, nemelex_xobeh_ov_fountains_minmay,
          minmay_misc_feat_ornament, okawaru_altar_gauntlet_db, uniq_menkaure
D:6:      layout_cave_pools, nicolae_overflow_hidden_temple, fedhas_altar_2
D:7:      layout_loops_corners, lemuel_coloured_pillars_altar,
          minmay_temple_entry_overgrown
D:8:      layout_cave_pools, chequers_temple_overflow_statue_of_worship,
          uniq_erica, uniq_psyche
D:9:      layout_roguey [special_room_orc], uniq_joseph
D:10:     layout_long_grid, minmay_lair_entry_grove, hiddenorc1_lemuel,
          uniq_nergalle
D:11:     layout_basic
D:12:     layout_rooms, serial_shops, nicolae_shop_crystal,
          minmay_misc_feat_nine_boxes, david_nohive_1, uniq_azrael
D:13:     layout_loops_cross
D:14:     layout_roguey, erik_vaults_1, roderic_roman_lattice, uniq_frances
D:15:     gammafunk_enter_depths_forms, layout_loops_ring, nrook_pool_corridor,
          basic_altar, nicolae_gozag_cash_rules_everything_around_me
Lair:1:   layout_regular_city, serial_bayou_shore_a, uniq_sonja
Lair:2:   layout_long_grid
Lair:3:   layout_regular_city, minmay_shoals_entry_lonely_mermaid
Lair:4:   layout_regular_city, spider_nest_entry_rubble,
          chequers_serial_rivers_micro_d, uniq_snorg, uniq_rupert
Lair:5:   layout_cave_pods, portal_ice_cave_demonic_guard,
          nicolae_volcano_entry_hallway, st_stairs_7, infiniplex_staircase_pool
Lair:6:   minmay_lair_end_enchanted_forest, layout_concentric_octagons,
          slime_altar_1, serial_rivers, chequers_serial_rivers_marsh,
          chequers_serial_rivers_micro_b, chequers_serial_rivers_room_b,
          chequers_serial_rivers_large_a, chequers_serial_rivers_micro_c,
          chequers_serial_rivers_micro_d, cheibrodos_lair_lostbears
Shoals:1: layout_shoals, gammafunk_ghost_grave
Shoals:2: layout_shoals
Shoals:3: layout_shoals, gammafunk_ghost_necromancy, lemuel_altar_in_water
Shoals:4: shoals_end_grunt_ice, layout_shoals
Orc:1:    layout_caves
Orc:2:    grunt_orc_community_town_hall, layout_caves,
          grunt_orc_community_big_house_2, grunt_orc_community_big_house_2,
          grunt_orc_community_house_2, grunt_orc_community_house_3,
          grunt_orc_community_house_1, grunt_orc_community_house_1, basic_altar,
          minmay_orc_temple_b, uniq_donald
Depths:1: layout_big_octagon, enter_ziggurat_f, abyss_entry, hell_entry,
          corexii_leaking_fountain, minmay_hollow_rounded_squares
Volcano:  volcano_lake [vl_original]

Skill      XL: |  1  2  3  4  5  6  7  8  9 10 11 12 13 14 15 16 |
---------------+-------------------------------------------------+-----
Long Blades    | 2 3 4 5 |  5.1
Shields        | 3 4 5 11 | 11.0
Polearms       | 3 5 |  5.0
Armour         | 3 6 7 10 | 10.3
Invocations    | 5 9 |  9.0
Slings         | 5 10 13 14 | 14.0
Fighting       | 8 |  8.4
Dodging        | 3 7 10 | 10.0
Spellcasting   | 3 4 |  4.0
Stealth        | 7 |  7.1

Action                   |  1- 3 |  4- 6 |  7- 9 | 10-12 | 13-15 | 16-18 || total
-------------------------+-------+-------+-------+-------+-------+-------++-------
Melee: Long sword        |    88 |    89 |    38 |       |       |       ||   215
       Bite              |    23 |    32 |   148 |   149 |    11 |       ||   363
       Spear             |       |       |   409 |   374 |    36 |       ||   819
       Hunting sling     |       |       |       |       |     1 |       ||     1
 Fire: Hunting sling     |       |       |       |   466 |  1550 |   476 ||  2492
Invok: Minor Destruction |       |       |     1 |       |       |       ||     1
       Lesser Servant of |       |       |       |    10 |     4 |       ||    14
       Greater Servant o |       |       |       |       |     8 |     1 ||     9
Evoke: Wand              |       |       |       |     2 |       |       ||     2
  Use: Potion            |       |     1 |     1 |       |       |       ||     2
       Scroll            |       |       |     2 |     1 |    20 |     8 ||    31
 Stab: Distracted        |       |       |       |     1 |     1 |       ||     2
       Confused          |       |       |       |     1 |       |       ||     1
       Sleeping          |       |       |       |     1 |       |       ||     1
  Eat: Chunk             |       |     3 |    15 |    19 |    26 |     4 ||    67
       Ration            |       |       |       |       |     3 |     1 ||     4
Armor: Scale mail        |    49 |    36 |   117 |    27 |    89 |       ||   318
       Leather armour    |       |       |       |    85 |    80 |       ||   165
       Troll leather arm |       |       |       |    28 |       |       ||    28
       Ring mail         |       |       |       |       |     1 |    28 ||    29
Dodge: Dodged            |    38 |    27 |    84 |   105 |   166 |    58 ||   478
Block: Shield            |    56 |    57 |   166 |   213 |   298 |    65 ||   855
       Reflection        |       |       |       |       |     5 |    16 ||    21
       Rpst.: Long sword |    18 |     6 |     7 |       |       |       ||    31

Table legend:
 A = Non-vault XP
 B = Vault XP
 C = Vault XP percentage of total XP
 D = Non-vault monster count
 E = Vault monster count
 F = Vault count percentage of total count
                 A         B        C        D         E       F
            +---------+---------+-------+---------+---------+-------
      Total |  127026 |   44603 |  26.0 |     661 |     249 |  27.4
            +---------+---------+-------+---------+---------+-------
        D:1 |      65 |       0 |   0.0 |      30 |       0 |   0.0
        D:2 |     142 |       0 |   0.0 |      15 |       0 |   0.0
        D:3 |     222 |     137 |  38.2 |      24 |       2 |   7.7
        D:4 |     141 |      42 |  23.0 |      15 |       1 |   6.2
        D:5 |     920 |     208 |  18.4 |      35 |       7 |  16.7
        D:6 |     714 |       0 |   0.0 |      16 |       0 |   0.0
        D:7 |    2028 |       0 |   0.0 |      39 |       0 |   0.0
        D:8 |    1112 |    1236 |  52.6 |      28 |       2 |   6.7
        D:9 |    1069 |     650 |  37.8 |      15 |      23 |  60.5
       D:10 |   10902 |    2813 |  20.5 |      39 |      30 |  43.5
       D:11 |    3703 |       0 |   0.0 |      31 |       0 |   0.0
       D:12 |    4312 |    3226 |  42.8 |      23 |      23 |  50.0
       D:13 |    6668 |       0 |   0.0 |      33 |       0 |   0.0
       D:14 |    6602 |    2966 |  31.0 |      31 |       3 |   8.8
       D:15 |    6430 |    4354 |  40.4 |      21 |      13 |  38.2
     Lair:1 |    3991 |     827 |  17.2 |      12 |       1 |   7.7
     Lair:2 |    4429 |       0 |   0.0 |      22 |       0 |   0.0
     Lair:3 |    2998 |     458 |  13.3 |       9 |       1 |  10.0
     Lair:4 |    6341 |    3758 |  37.2 |      26 |       3 |  10.3
     Lair:5 |    6206 |    1125 |  15.3 |      25 |       3 |  10.7
     Lair:6 |    7145 |    8795 |  55.2 |      26 |      46 |  63.9
   Shoals:1 |   13631 |       0 |   0.0 |      29 |       0 |   0.0
   Shoals:2 |   16190 |       0 |   0.0 |      33 |       0 |   0.0
   Shoals:3 |    9773 |       0 |   0.0 |      22 |       0 |   0.0
   Shoals:4 |    3661 |       0 |   0.0 |       9 |       0 |   0.0
      Orc:1 |    1054 |       0 |   0.0 |       5 |       0 |   0.0
      Orc:2 |    6577 |    8643 |  56.8 |      48 |      78 |  61.9
    Volcano |       0 |    5365 | 100.0 |       0 |      13 | 100.0
            +---------+---------+-------+---------+---------+-------
